 Dungeon Crawl Stone Soup version 0.24-a0-201-gf205589 (console) character file.

Game seed: 3617804419184093476

52 bli the Skirmisher (level 3, -7/29 HPs)
             Began as a Demonspawn Abyssal Knight on Mar 23, 2019.
             Was a Believer of Lugonu.
             Mangled by a worm (9 damage)
             ... on level 2 of the Dungeon.
             The game lasted 00:05:08 (1508 turns).

bli the Skirmisher (Demonspawn Abyssal Knight)      Turns: 1508, Time: 00:05:09

Health: -7/29      AC:  3    Str: 12    XL:     3   Next: 60%
Magic:  13/13      EV: 12    Int: 13    God:    Lugonu [**....]
Gold:   108        SH:  0    Dex: 13    Spells: 2/2 levels left

rFire    . . .     SeeInvis .   a - +1 falchion
rCold    . . .     Gourm    .   (no shield)
rNeg     . . .     Faith    .   b - +0 leather armour
rPois    .         Spirit   .   (helmet restricted)
rElec    .         Reflect  .   (no cloak)
rCorr    .         Harm     .   (no gloves)
MR       .....                  (no boots)
Stlth    +.........             (no amulet)
HPRegen  0.09/turn              g - ring of magical power
MPRegen  0.13/turn              (no ring)

@: no status effects
A: antennae 1
a: Depart the Abyss, Bend Space, Renounce Religion


You were on level 2 of the Dungeon.
You worshipped Lugonu.
Lugonu was pleased with you.
You were not hungry.

You visited 1 branch of the dungeon, and saw 2 of its levels.
You visited the Abyss 1 time.

You collected 108 gold pieces.

Inventory:

Hand Weapons
 a - a +1 falchion (weapon)
Missiles
 h - 72 stones (quivered)
 k - 10 poisoned needles
Armour
 b - a +0 leather armour (worn)
Jewellery
 g - a ring of magical power (left hand)
Scrolls
 d - 2 scrolls of identify {unknown}
 e - a scroll of enchant weapon {unknown}
 f - 2 scrolls of remove curse {unknown}
 l - a scroll of amnesia {unknown}
 m - a scroll of immolation {unknown}
 p - a scroll of enchant armour {unknown}
Potions
 i - a potion of agility {unknown}
 j - a potion of flight {unknown}
 n - a potion of lignification {unknown}
 o - a potion of degeneration {unknown}
Comestibles
 c - 3 rations
 q - 3 chunks of flesh


   Skills:
 - Level 3.0 Fighting
 + Level 2.9 Long Blades
 - Level 1.7 Armour
 * Level 2.2 Dodging
 - Level 2.4 Invocations


You had 2 spell levels left.
You didn't know any spells.
Your spell library was empty.

Dungeon Overview and Level Annotations

Branches:
Dungeon (2/15)

Altars:
Uskayaw


Innate Abilities, Weirdness & Mutations

You have a pair of small antennae on your head.


Message History

Aim: a worm You throw a stone.
The stone barely misses the worm.
The stone hits the worm.
The worm is lightly wounded.
Throwing (i - inventory)
h - 74 stones (quivered)
Press: ? - help, Shift-Dir - straight line, f/p - worm
Aim: a worm You throw a stone.
The stone barely misses the worm. x2
Throwing (i - inventory)
h - 73 stones (quivered)
Press: ? - help, Shift-Dir - straight line, f/p - worm
Aim: a worm You throw a stone.
The stone hits the worm.
The worm is lightly wounded.
The worm bites you.
* * * LOW HITPOINT WARNING * * *
You hit the worm.
The worm is lightly wounded.
You hit the worm.
The worm is moderately wounded.
The worm bites you!
You die...

#. #. #. #.
#################.
#......((....w...w ###
#......###########
#.###### #....(.# #
#......# #......# # #
######.# ##..(..## #
#########.#####.@ww.##
#
.................^.##
. .############..#...#
# ...## ###.....# ##
##..#######...>....#
..###
###.........#####.##
...##
..######)>#######.#
.g..#
#..#####..........#
#...# ###
##...##..######. ##
#g..#.... ####.##.##
#.....# # #....#
#...###


You could see 2 worms.

Vanquished Creatures
  A gnoll (D:1)
  A worm (D:2)
  2 bats (D:1)
  2 giant cockroaches (D:2)
  6 goblins
  7 hobgoblins
  5 jackals
  4 kobolds
  6 frilled lizards
  A rat (D:1)
35 creatures vanquished.

Notes
Turn   | Place    | Note
-------+----------+-------------------------------------------
     0 | Abyss:1  | bli the Demonspawn Abyssal Knight began the quest for the
                  | Orb.
     0 | Abyss:1  | Reached XP level 1. HP: 18/18 MP: 2/2
     5 | Abyss:1  | Found a corrupted altar of Lugonu.
    29 | Abyss:3  | Noticed a ynoxinul
    29 | Abyss:3  | Noticed an orb spider
    33 | Abyss:3  | Noticed a small abomination
    37 | Abyss:3  | Noticed a raiju
    38 | D:1      | Escaped the Abyss
    69 | D:1      | Reached skill level 1 in Dodging
    69 | D:1      | Gained mutation: You have a pair of small antennae on your
                  | head. [demonic ancestry]
    69 | D:1      | Reached XP level 2. HP: 5/24 MP: 3/3
   326 | D:1      | Reached * piety under Lugonu
   757 | D:1      | Reached XP level 3. HP: 23/29 MP: 4/4
  1128 | D:2      | Found a hide-covered altar of Uskayaw.
  1390 | D:2      | Reached ** piety under Lugonu
  1508 | D:2      | Mangled by a worm

Levels and vault maps discovered:
D:1:      dpeg_arrival_pits, layout_basic
D:2:      layout_rooms, nicolae_overflow_hidden_temple,
          lemuel_coloured_pillars_altar, palyth_stone_intersect,
          kennysheep_path_1, makhleb_blood_cavern_becter
Abyss:1
Abyss:2
Abyss:3:  hangedman_cross_veins, nicolae_abyss_rune_star_stuff

Skill      XL: |  1  2 |
---------------+-------+-----
Long Blades    | 2 |  2.9
Dodging        | 1 2 |  2.2
Fighting       | |  3.0
Armour         | |  1.7
Invocations    | |  2.4

Action                   || total
-------------------------++-------
Melee: Falchion          ||   132
Throw: Stone             ||    18
Invok: Depart the Abyss  ||     1
  Eat: Chunk             ||     2
Armor: Leather armour    ||    39
Dodge: Dodged            ||    87
       Rpst.: Falchion   ||    24

Table legend:
 A = Non-vault XP
 B = Vault XP
 C = Vault XP percentage of total XP
 D = Non-vault monster count
 E = Vault monster count
 F = Vault count percentage of total count
                 A         B        C        D         E       F
            +---------+---------+-------+---------+---------+-------
      Total |      75 |       0 |   0.0 |      35 |       0 |   0.0
            +---------+---------+-------+---------+---------+-------
        D:1 |      46 |       0 |   0.0 |      21 |       0 |   0.0
        D:2 |      29 |       0 |   0.0 |      14 |       0 |   0.0
            +---------+---------+-------+---------+---------+-------
